Map: Invasione LE

Players

Jhyrachy - Winner!

  • Race: Zerg Zerg
  • League: Silver

derVal

  • Race: Zerg Zerg
  • League: Silver

VOD

Have the link to the VOD?

Description

Time

  • Played on: April 3, 2016, 1:41 p.m.
  • Length: 9:56
Show
View Real Time Build Order
Export as new Build Order

Jhyrachy Zerg - Winner!

Build Orders: Hatch First 

Get SALT Encoding   

  12  0:28  Drone  
  13  0:32  Drone  
  13  0:34  Overlord  
  14  0:53  Hatchery  
  13  0:59  Drone  
  14  1:07  Spawning Pool  
  14  1:08  Drone  
  14  1:15  Drone  
  15  1:21  Drone  
  15  1:23  Extractor  
  15  1:24  Drone  
  16  1:36  Overlord  
  16  1:50  Drone  
  17  1:54  Queen  
  17  1:56  Zergling x2  
  20  2:06  Queen  
  22  2:09  Drone  
  22  2:11  Drone  
  24  2:36  Overlord  
  24  2:37  Zergling x6  
  24  2:38  Zergling x4  
  24  2:43  Metabolic Boost  
  25  3:43  Zergling x8  
  25  3:44  Zergling x20  
  37  3:59  Baneling Nest  
  36  4:19  Zergling x2  
  36  4:20  Zergling x14  
  30  4:48  Baneling x3  
  30  4:50  Baneling  
  30  4:51  Baneling  
  30  5:03  Drone x6  
  30  5:04  Drone x4  
  33  5:55  Zergling x6  
  33  5:56  Zergling x12  
  42  5:57  Zergling x4  
  43  6:14  Spine Crawler  
  42  6:30  Evolution Chamber  
  41  6:39  Zergling x2  
  42  6:40  Zergling x4  
  42  6:42  Overlord x3  
  43  7:09  Zergling x2  
  43  7:10  Zergling x22  
  55  7:32  Zerg Melee Weapons Level 1  
  55  7:40  Zergling x10  
  55  7:41  Zergling x12  
  66  7:50  Overlord  
  66  7:59  Overlord x2  
  56  8:45  Zergling x16  
  56  8:46  Zergling x10  
  54  9:23  Zergling x24  
Show
View Real Time Build Order
Export as new Build Order

derVal Zerg 

Build Orders: Hatch First 

Get SALT Encoding   

  12  0:02  Drone  
  13  0:14  Drone  
  13  0:18  Overlord  
  14  0:37  Drone x3  
  17  0:48  Drone  
  18  0:58  Hatchery  
  18  1:01  Drone  
  18  1:05  Extractor  
  17  1:17  Spawning Pool  
  16  1:19  Drone  
  17  1:27  Drone  
  18  1:36  Drone  
  19  1:42  Drone  
  20  1:55  Drone  
  21  2:07  Overlord  
  21  2:09  Queen  
  21  2:10  Metabolic Boost  
  21  2:13  Zergling x2  
  21  2:14  Queen  
  26  2:16  Zergling x2  
  27  2:23  Drone  
  27  2:28  Zergling x2  
  29  2:39  Drone x2  
  35  3:05  Drone x4  
  35  3:09  Drone  
  35  3:22  Zergling x2  
  35  3:23  Overlord  
  36  3:28  Spine Crawler  
  33  3:41  Queen x2  
  27  3:46  Zergling x10  
  27  3:47  Zergling x6  
  36  4:04  Overlord  
  36  4:12  Overlord  
  36  4:23  Drone x5  
  38  4:42  Roach Warren  
  37  4:49  Queen  
  37  4:54  Drone x5  
  35  5:21  Zergling x6  
  37  5:22  Roach x4  
  37  5:23  Roach x2  
  49  5:56  Roach  
  51  5:57  Overlord x2  
  51  6:10  Lair  
  51  6:11  Extractor  
  51  6:16  Hatchery  
  49  6:19  Roach x4  
  49  6:20  Roach x2  
  61  6:26  Extractor  
  61  6:27  Drone  
  61  6:28  Extractor  
  61  6:31  Drone  
  61  6:39  Roach  
  63  6:45  Drone x3  
  66  7:07  Roach  
  68  7:08  Overlord x2  
  68  7:09  Overlord x3  
  68  7:17  Overlord x2  
  68  7:26  Overlord x2  
  68  7:29  Drone  
  69  7:30  Drone x3  
  69  7:32  Ravager x4  
  69  7:33  Ravager x3  
  69  7:34  Ravager  
  80  7:37  Drone  
  80  7:38  Drone  
  82  8:01  Roach x4  
  82  8:02  Roach x3  
  91  8:25  Roach x5  
  91  8:26  Roach  
  75  8:36  Roach  
  75  8:37  Roach x2  
  73  8:42  Ravager x2  
  73  8:43  Ravager  
  73  8:48  Spine Crawler  
  66  9:00  Roach x6  
  66  9:06  Evolution Chamber  
  66  9:09  Roach  
  54  9:10  Roach x2  
  54  9:11  Evolution Chamber  
  51  9:21  Spore Crawler  
  50  9:24  Spore Crawler  
  50  9:26  Roach  
Tags
 
Add a new tag
Caveats
  • Supply blocks, unpowered buildings, or Contaminate may cause inaccurate times.
  • Supply counts are checked every 10 seconds.